 Dungeon Crawl Stone Soup version 0.28.0-53-g5a82cb258f (webtiles) character file.

Game seed: 6947307444758431040

62 gobodom the Stinger (level 3, 0/24 HPs)
             Began as a Demonspawn Venom Mage on June 20, 2022.
             Succumbed to a goblin's curare-tipped dart
             ... on level 3 of the Dungeon.
             The game lasted 00:08:56 (2216 turns).

gobodom the Stinger (Demonspawn Venom Mage)         Turns: 2216, Time: 00:08:58

Health: 0/24       AC:  3    Str: 10    XL:     3   Next: 85%
Magic:  6/6        EV: 12    Int: 16    God:
Gold:   109        SH:  0    Dex: 13    Spells: 6/7 levels left

rFire   . . .      SeeInvis .   d - +0 short sword
rCold   . . .      Faith    .   (no shield)
rNeg    . . .      Spirit   .   a - +0 robe
rPois   .          Reflect  .   (helmet restricted)
rElec   .          Harm     .   (no cloak)
rCorr   .          Rampage  .   l - +0 pair of gloves
Will    .....                   (no boots)
Stlth   ++........              (no amulet)
HPRegen 0.08/turn               (no ring)
MPRegen 0.10/turn               (no ring)

@: lethally poisoned (0 -> -3)
A: antennae 1, ignite blood 1
a: no special abilities


You were on level 3 of the Dungeon.
You visited 1 branch of the dungeon, and saw 3 of its levels.

You collected 109 gold pieces.

Inventory:

Hand Weapons
 d - a +0 short sword (weapon)
Armour
 a - a +0 robe (worn)
 l - a +0 pair of gloves (worn)
Wands
 c - a wand of paralysis (11)
Scrolls
 f - a scroll of immolation {unknown}
 h - a scroll of enchant armour {unknown}
 k - a scroll of summoning {unknown}
Potions
 e - 2 potions of berserk rage {unknown}
 i - a potion of attraction
 j - a potion of experience {unknown}


   Skills:
 + Level 0.1 Fighting
 + Level 2.0 Dodging
 + Level 2.3 Stealth
 + Level 2.5 Spellcasting
 + Level 1.5 Transmutations
 + Level 3.6 Poison Magic


You had 6 spell levels left.
You knew the following spells:

 Your Spells              Type           Power      Damage    Failure   Level
a - Sting                 Tmut/Pois      40%        1d5       7%          1

Your spell library contained the following spells:

 Spells                   Type           Power      Damage    Failure   Level
 Poisonous Vapours        Pois/Air       14%        N/A       14%         2
 Mephitic Cloud           Conj/Pois/Air  5%         N/A       34%         3
 Olgreb's Toxic Radiance  Pois           13%        N/A       41%         4
 Ozocubu's Armour         Ice            2%         N/A       52%         3
 Metabolic Englaciation   Hex/Ice        1%         N/A       99%         5
 Simulacrum               Ice/Necr       1%         N/A       100%        6
 Ozocubu's Refrigeration  Ice            1%         4d5       100%        7


Dungeon Overview and Level Annotations

Branches:
Dungeon (3/15)

Altars:


Innate Abilities, Weirdness & Mutations

You have a pair of small antennae on your head.
Your demonic aura sometimes causes spilled blood to erupt in flames.


Message History

l - a +0 pair of gloves You start putting on your armour.
You continue putting on your +0 pair of gloves. x4
You finish putting on your +0 pair of gloves.
You see here a +0 dagger.
Found a dagger.
A goblin comes into view.
It is wielding a +0 flail and quivering curare-tipped darts.
You see here 15 bolts.
The goblin shouts!
There is a large open door here.
The goblin throws a curare-tipped dart.
The curare-tipped dart misses you.
The goblin throws a curare-tipped dart.
The curare-tipped dart hits you.
You are poisoned.
You have difficulty breathing.
You feel yourself slow down.
A giant cockroach comes into view.
You feel very sick.
* * * LOW HITPOINT WARNING * * *
You feel very sick.
The goblin throws a curare-tipped dart.
The curare-tipped dart closely misses you.
You are too injured to fight recklessly!
Aiming: Paralyse
Press: ? - help, Q - select action, (/) - cycle Shift-Dir - straight line, f - goblin
Aim: a goblin, wielding a +0 flail, wearing an amulet of faith and quivering curare-tipped darts (chance to affect: 66%)
The goblin struggles to resist.
* * * LOW HITPOINT WARNING * * *
You feel very sick.
You feel much better.
You feel sick. The goblin hits you with a +0 flail!
The goblin hits you with a +0 flail.
* * * LOW HITPOINT WARNING * * *
Your magical effects are unravelling.
You feel magically purged.
You feel yourself speed up.
You feel sick. The goblin hits you with a +0 flail.
* * * LOW HITPOINT WARNING * * *
Aiming: Paralyse
Press: ? - help, Q - select action, (/) - cycle Shift-Dir - straight line, f/p - goblin
Aim: a goblin, wielding a +0 flail, wearing an amulet of faith and quivering curare-tipped darts (chance to affect: 66%)
The goblin struggles to resist.
You die...

.. .. #.## #... ..
####''#### ...
#........# ...
#.≈≈Bg≈≈.# ..#
.#.≈⌠.@⌠≈.### ..#
#.'...)....'.## ...#
#.'........'(.# ##.....
###.≈⌠..⌠≈.##.###......#
#.≈≈..≈≈.##.)...#
#........##..####
####''####..## .#..
#......#.# ..#.
##.#####.# #.#.


You could see a giant cockroach and a goblin.

Vanquished Creatures
  A hound zombie (D:3)
  A worm (D:3)
  A dart slug (D:2)
  An orc (D:3)
  4 ball pythons
  4 bats (D:2)
  An endoplasm (D:1)
  2 giant cockroaches
  8 goblins
  3 hobgoblins
  3 quokkas
  3 frilled lizards
  3 kobolds
  5 rats
40 creatures vanquished.

Notes
Turn   | Place    | Note
-------+----------+-------------------------------------------
     0 | D:1      | gobodom the Demonspawn Venom Mage began the quest for the
                  | Orb.
     0 | D:1      | Reached XP level 1. HP: 13/13 MP: 3/3
    44 | D:1      | Found a faded altar of an unknown god.
   188 | D:1      | Reached skill level 1 in Transmutations
   536 | D:1      | Gained mutation: You have a pair of small antennae on your
                  | head. [demonic ancestry]
   536 | D:1      | Reached XP level 2. HP: 19/19 MP: 1/5
  1489 | D:2      | Gained mutation: Your demonic aura sometimes causes spilled
                  | blood to erupt in flames. [demonic ancestry]
  1489 | D:2      | Reached XP level 3. HP: 20/24 MP: 3/6
  2215 | D:3      | HP: 1/24 [goblin/+0 flail (5)]
  2216 | D:3      | Succumbed to a goblin's curare-tipped dart

Illustrated notes

Levels and vault maps discovered:
D:1:      lightli_arrival_statue_moat, layout_basic,
          hellmonk_ecumenical_altar_arch_garden
D:2:      layout_basic
D:3:      layout_rooms, grunt_nemelex_the_gamble, kennysheep_generic_room_5

Skill      XL: |  1  2 |
---------------+-------+-----
Transmutations | 1 |  1.5
Dodging        | 2 |  2.0
Stealth        | 2 |  2.3
Fighting       | |  0.1
Spellcasting   | |  2.5
Poison Magic   | |  3.6

Action                   || total
-------------------------++-------
Melee: Unarmed           ||    14
       Short sword       ||    51
       Punch             ||     1
 Cast: Sting             ||    52
Evoke: Wand              ||     2
  Use: Scroll            ||     4
       Potion            ||     2
 Stab: Sleeping          ||     1
Armor: Robe              ||    12
Dodge: Dodged            ||    41
